 Dungeon Crawl Stone Soup version 0.19-a0-594-g235f30c (webtiles) character file.

25090 HarleyM the Destroyer (level 12, -4/71 HPs)
             Began as a Deep Elf Conjurer on June 10, 2016.
             Was an Elder of Vehumet.
             Slain by a death yak (9 damage)
             ... on level 3 of the Lair of Beasts on June 11, 2016.
             The game lasted 02:49:12 (24149 turns).

HarleyM the Destroyer (Deep Elf Conjurer)          Turns: 24149, Time: 02:49:14

Health: -4/71      AC: 10    Str:  7    XL:     12   Next: 86%
Magic:  8/24       EV: 16    Int: 24    God:    Vehumet [****..]
Gold:   665        SH:  8    Dex: 15    Spells: 4 memorised, 13 levels left

rFire  + + .     SeeInvis .     u - +0 long sword (protect)
rCold  . . .     Gourm    .     I - +1 robe {rF+}
rNeg   . . .     Faith    .     L - +0 buckler
rPois  .         Spirit   .     R - +1 hat
rElec  .         Dismiss  .     w - +0 cloak
rCorr  .         Reflect  +     (no gloves)
SustAt .         Harm     .     (no boots)
MR     +....                    G - +4 amulet of reflection
Stlth  +++.......               h - ring of stealth
                                U - ring of protection from fire

@: somewhat resistant to hostile enchantments, fairly stealthy
A: no striking features
a: Renounce Religion


You were on level 3 of the Lair of Beasts.
You worshipped Vehumet.
Vehumet was greatly pleased with you.
You were not hungry.

You visited 2 branches of the dungeon, and saw 15 of its levels.
You also visited: Ossuary.

You collected 665 gold pieces.

Inventory:

Hand Weapons
 p - a +0 dagger of holy wrath
 u - a +0 long sword of protection (weapon)
 Z - a +2 rapier of speed
Missiles
 Q - 2 throwing nets (quivered)
Armour
 w - a +0 cloak (worn)
 I - a +1 robe of fire resistance (worn)
 L - a +0 buckler (worn)
 R - a +1 hat (worn)
 T - a +4 ring mail of poison resistance
 V - the +9 plate armour "Waeh Xiat" {+Fly rElec rN+++ MP-9}
   (You found it on level 7 of the Dungeon)

   It insulates you from electricity.
   It renders you almost immune to negative energy.
   It affects your magic capacity (-9).
   It lets you fly.
Magical Staves
 a - an uncursed staff of wizardry
Jewellery
 h - a ring of stealth (right hand)
 G - a +4 amulet of reflection (around neck)
 U - a ring of protection from fire (left hand)
 X - an uncursed amulet of guardian spirit
Wands
 l - a wand of slowing (19/48)
 n - a wand of enslavement (5/24)
 q - a wand of slowing (23/48)
 A - a wand of iceblast (11/15)
 P - a wand of paralysis (14/24)
 Y - a wand of digging (8/24)
Scrolls
 d - 5 scrolls of enchant weapon
 e - 6 scrolls of amnesia {unknown}
 f - 4 scrolls of enchant armour {unknown}
 g - 3 scrolls of immolation {unknown}
 i - 2 scrolls of random uselessness {unknown}
 k - 4 scrolls of teleportation
 m - 5 scrolls of fog
 x - 4 scrolls of remove curse
 y - 2 scrolls of magic mapping {unknown}
 K - 3 scrolls of noise {unknown}
 M - 2 scrolls of vulnerability {unknown}
 N - 4 scrolls of recharging {unknown}
Potions
 c - a potion of agility
 s - a potion of curing
 t - a potion of invisibility
 z - a potion of flight
 B - a potion of brilliance
 C - a potion of cancellation
 E - 2 potions of heal wounds
 F - 5 potions of cure mutation
 H - 4 potions of lignification
 J - 3 potions of might
 O - a potion of resistance {unknown}
Books
 b - a book of Conjurations

   Spells                             Type                      Level
   a - Magic Dart                     Conjuration                  1
   b - Searing Ray                    Conjuration                  2
   c - Dazzling Spray                 Conjuration/Hexes            3
   d - Fulminant Prism                Conjuration/Hexes            4
   e - Iskenderun's Mystic Blast      Conjuration                  4
   f - Iskenderun's Battlesphere      Conjuration/Charms           5
 r - a book of Death

   Spells                             Type                      Level
   a - Corpse Rot                     Necromancy                   2
   b - Sublimation of Blood           Necromancy                   2
   c - Agony                          Necromancy                   5
   d - Dispel Undead                  Necromancy                   5
   e - Excruciating Wounds            Charms/Necromancy            5
   f - Bolt of Draining               Conjuration/Necromancy       5
 D - a book of Alchemy

   Spells                             Type                      Level
   a - Sublimation of Blood           Necromancy                   2
   b - Ignite Poison                  Fire/Transmutation/Poison    3
   c - Petrify                        Transmutation/Earth          4
   d - Alistair's Intoxication        Transmutation/Poison         5
   e - Irradiate                      Conjuration/Transmutation    5
Comestibles
 j - 3 slices of pizza
 o - 9 meat rations
 v - 5 beef jerkies
 S - 3 chunks of flesh
 W - 2 royal jellies


   Skills:
 + Level 6.7 Fighting
 - Level 7.5 Dodging
 - Level 2.4 Stealth
 - Level 1.0 Shields
 - Level 7.3 Spellcasting
 * Level 14.5 Conjurations
 - Level 11.4 Charms
 * Level 11.4 Fire Magic


You had 13 spell levels left.
You knew the following spells:

 Your Spells              Type           Power        Failure   Level  Hunger
a - Magic Dart            Conj           ####         1%          1    None
b - Iskenderun's Battles  Conj/Chrm      ######..     1%          5    #####..
c - Ignite Poison         Fire/Tmut/Pois ####....     2%          3    None
d - Conjure Flame         Conj/Fire      ######..     1%          3    None


Dungeon Overview and Level Annotations

Branches:
Dungeon (11/15)            Temple (0/1) D:6            Lair (4/8) D:10
  Snake (0/4) Lair:3
  Swamp: Lair:2-4    Shoals: Lair:2-4       Orc: D:9-12

Altars:
Dithmenos
Elyvilon
Fedhas
Hepliaklqana
Kikubaaqudgha
Makhleb
Nemelex Xobeh
Okawaru
Pakellas
Ru
Sif Muna
Trog
Uskayaw
Vehumet
Xom
Yredelemnul
Zin
The Shining One

Shops:
D:8 (


Message History

Okay, then.
Evoke which item? (* to show all) (? for menu, Esc to quit)
Zapping:
P - a wand of paralysis (will waste charges)
Press: ? - help, Shift-Dir - straight line, f/p - death yak
Aim: a death yak (almost dead, chance to defeat MR: 1%)
The death yak resists with almost no effort.
Evoking this partially-identified wand wasted a few charges.
You block the death yak's attack.
Casting: Magic Dart
Confirm with . or Enter, or press ? or * to list all spells.
Aiming: Magic Dart
Press: ? - help, Shift-Dir - straight line, f/p - death yak
Aim: a death yak (almost dead)
The magic dart hits the death yak.
The death yak is almost dead.
Your battlesphere fires!
The barrage of energy hits the death yak.
The death yak is almost dead.
The death yak gores you!
You die...

.#...P....## ##..P# ##.#......
...........## #..## #........
...##.......# #...#####.......
######.#....### ##..............
# ###.###.*#######..#.........
###### ##.#.#P.##............ #
#..## ##..#................
#####...## ##.Y.................
#.#......# #...@................
.........####P...................
.......................>........#
.P###....#....................P..
..##....##...#...............##..
.####.####..P#..............#.##.
## #.# #..P...............P####.
## #.####.#.#.(...........###P..
.## #..##...#.............#####..


You could see a death yak and a friendly battlesphere.

Vanquished Creatures
  Gastronok (Lair:1)
  A hydra (Lair:3)
  Erica (Lair:1)
  Sonja (D:11)
  2 hill giants (D:10)
  Pikel (D:4)
  An ugly thing (D:11)
  3 black mambas
  Joseph (D:7)
  9 spiny frogs
  Psyche (D:8)
  A gargoyle (D:9)
  A torpor snail (Lair:2)
  2 komodo dragons
  A centaur skeleton (D:10)
  A troll (D:9)
  3 meliai (D:10)
  A two-headed ogre (D:9)
  Grinder (D:5)
  A boulder beetle (Lair:3)
  Prince Ribbit (D:8)
  Sigmund (D:4)
  A vampire (D:9)
  A spriggan (D:9)
  A wraith (D:10)
  The ghost of Rohain the Skirmisher, an amateur HOFi (D:4)
  2 basilisks (Lair:2)
  13 yaks
  5 hippogriffs
  2 steam dragons
  3 hungry ghosts
  3 nagas (Lair:3)
  Menkaure (D:7)
  3 water moccasins
  2 gnoll sergeants
  A porcupine (Lair:1)
  7 black bears
  4 orc warriors
  A sky beast (D:10)
  2 ice beasts
  3 ogres
  4 wolves (Lair:3)
  9 crocodiles
  2 centaurs
  Blork the orc (D:5)
  15 giant frogs
  A water moccasin skeleton (D:6)
  5 jellies
  4 scorpions
  14 wights
  2 howler monkeys (D:9)
  5 crimson imps
  4 hounds
  3 orc priests
  3 centaur zombies
  2 giant frog skeletons
  7 orc wizards
  Jessica (D:2)
  4 gnoll shamans (D:6)
  5 iguanas
  Natasha (thrice) (D:2)
  12 worker ants
  6 sheep (Lair:3)
  A hound zombie (D:6)
  A mummy (Ossuary)
  A hound skeleton (D:8)
  2 worker ant zombies
  A howler monkey zombie (D:10)
  51 gnolls
  14 adders
  39 river rats
  2 shadow imps
  3 oozes
  2 adder zombies
  4 adder skeletons
  2 worms
  4 dart slugs
  4 giant geckos
  34 orcs
  11 bats
  9 giant cockroaches
  10 goblins
  14 hobgoblins
  29 jackals
  2 quokkas
  3 ball pythons
  A giant cockroach zombie (D:5)
  A giant gecko zombie (D:8)
  6 giant newts
  2 gnoll skeletons (Ossuary)
  A jackal skeleton (D:5)
  6 kobolds
  5 kobold skeletons (Ossuary)
  18 orc skeletons (Ossuary)
  2 quokka skeletons
  8 rats
  A fungus (Lair:1)
498 creatures vanquished.

Vanquished Creatures (others)
  A slave (D:5)
  2 gnolls (D:5)
  An adder (D:5)
  A shadow imp (D:5)
  An adder zombie (D:5)
  An adder skeleton (D:5)
  A worm (D:5)
  An orc (D:5)
  3 jackals (D:5)
  A quokka (D:5)
  A giant cockroach zombie (D:5)
  A giant newt (D:5)
  A jackal zombie (D:5)
  A fungus (Lair:3)
17 creatures vanquished.

Grand Total: 515 creatures vanquished

Notes
Turn   | Place    | Note
--------------------------------------------------------------
     0 | D:1      | HarleyM the Deep Elf Conjurer began the quest for the Orb.
     0 | D:1      | Reached XP level 1. HP: 10/10 MP: 6/6
   114 | D:1      | Reached skill level 5 in Conjurations
   114 | D:1      | Reached XP level 2. HP: 9/15 MP: 0/8
   708 | D:2      | Reached XP level 3. HP: 19/19 MP: 4/9
   745 | D:2      | Found a shadowy altar of Dithmenos.
   928 | D:2      | Noticed Natasha
   934 | D:2      | Killed Natasha
   934 | D:2      | Reached skill level 6 in Conjurations
   934 | D:2      | Reached XP level 4. HP: 24/24 MP: 2/10
  1143 | D:2      | Found an ancient bone altar of Kikubaaqudgha.
  1146 | D:2      | Found a blossoming altar of Fedhas.
  1191 | D:2      | Found an iron altar of Okawaru.
  1268 | D:2      | Noticed Natasha
  1704 | D:2      | Noticed Jessica
  1713 | D:2      | Killed Jessica
  2071 | D:2      | Reached skill level 7 in Conjurations
  2071 | D:2      | Reached XP level 5. HP: 28/28 MP: 8/11
  2079 | D:2      | Learned a level 5 spell: Iskenderun's Battlesphere
  2500 | D:3      | Reached skill level 1 in Charms
  2975 | D:3      | Found a deep blue altar of Sif Muna.
  3234 | D:3      | Found a sparkling altar of Nemelex Xobeh.
  3699 | D:2      | Killed Natasha
  3699 | D:2      | Reached XP level 6. HP: 32/32 MP: 5/12
  3763 | D:2      | Noticed Natasha
  3769 | D:2      | Killed Natasha
  3847 | D:4      | Noticed Sigmund
  3974 | D:4      | Noticed Rohain's ghost (amateur HOFi)
  4213 | D:4      | Found a hazy altar of Hepliaklqana.
  4213 | D:4      | Found a glowing golden altar of the Shining One.
  4375 | D:4      | Reached skill level 5 in Charms
  4825 | D:4      | Killed Sigmund
  4825 | D:4      | Reached skill level 8 in Conjurations
  4825 | D:4      | Reached XP level 7. HP: 34/36 MP: 5/13
  5820 | D:4      | Found a shimmering altar of Xom.
  6556 | D:5      | Entered Level 5 of the Dungeon
  6556 | D:5      | Noticed Pikel
  6604 | D:4      | Killed Pikel
  6604 | D:4      | Reached XP level 8. HP: 13/41 MP: 4/14
  6945 | D:5      | Noticed Blork the orc
  7095 | D:5      | Killed Blork the orc
  7095 | D:5      | Reached skill level 9 in Conjurations
  7095 | D:5      | Reached skill level 10 in Charms
  7607 | D:5      | Noticed Grinder
  7611 | D:5      | Killed Grinder
  7611 | D:5      | Reached skill level 1 in Fighting
  8265 | D:5      | Found a radiant altar of Vehumet.
  8272 | D:5      | Became a worshipper of Vehumet
  8729 | D:4      | Killed Rohain's ghost
  8729 | D:4      | Reached skill level 1 in Shields
  8869 | D:6      | Found a sacrificial altar of Ru.
  8872 | D:6      | Found an oddly glowing altar of Pakellas.
  8875 | D:6      | Found a bloodstained altar of Trog.
  8881 | D:6      | Reached XP level 9. HP: 47/47 MP: 7/16
  8882 | D:6      | Found a hide-covered altar of Uskayaw.
  9317 | D:6      | Reached * piety under Vehumet
  9317 | D:6      | Offered knowledge of Freeze by Vehumet.
  9474 | D:6      | Found a sand-covered staircase.
  9483 | D:6      | Reached skill level 10 in Conjurations
  9485 | Ossuary  | Entered an ossuary
  9784 | Ossuary  | Offered knowledge of Sting by Vehumet.
  9788 | Ossuary  | Reached ** piety under Vehumet
 10414 | D:6      | Offered knowledge of Ignite Poison by Vehumet.
 10419 | D:6      | Learned a level 3 spell: Ignite Poison
 10578 | D:6      | Reached skill level 1 in Fire Magic
 10607 | D:6      | Reached *** piety under Vehumet
 10778 | D:6      | Found a basalt altar of Yredelemnul.
 10859 | D:6      | Found a white marble altar of Elyvilon.
 10994 | D:6      | Found a staircase to the Ecumenical Temple.
 11029 | D:6      | Reached skill level 5 in Spellcasting
 11114 | D:6      | Offered knowledge of Conjure Flame by Vehumet.
 11257 | D:6      | Learned a level 3 spell: Conjure Flame
 11518 | D:7      | Found a burning altar of Makhleb.
 11520 | D:7      | Noticed a green death
 11523 | D:7      | Found a glowing silver altar of Zin.
 11523 | D:7      | Noticed an angel
 11644 | D:7      | Got a heavily runed plate armour
 12060 | D:7      | Reached skill level 5 in Dodging
 12105 | D:7      | Noticed Joseph
 12115 | D:7      | Killed Joseph
 12257 | D:7      | Reached XP level 10. HP: 56/56 MP: 13/20
 12265 | D:7      | Noticed Menkaure
 12268 | D:7      | Killed Menkaure
 12915 | D:8      | Reached skill level 11 in Conjurations
 13230 | D:8      | Noticed Psyche
 13234 | D:8      | Killed Psyche
 13300 | D:8      | Reached **** piety under Vehumet
 13328 | D:8      | Found Heoppeam's Weapon Shoppe.
 13398 | D:8      | Offered knowledge of Irradiate by Vehumet.
 13624 | D:8      | Noticed Prince Ribbit
 13627 | D:8      | Killed Prince Ribbit
 13908 | D:8      | Reached skill level 5 in Fire Magic
 14521 | D:9      | Noticed a gargoyle
 14525 | D:9      | Killed a gargoyle
 14553 | D:9      | Identified the +9 plate armour "Waeh Xiat" {+Fly rElec rN+++ MP-9} (You found it on level 7 of the Dungeon)
 16312 | D:9      | Reached XP level 11. HP: 60/61 MP: 20/23
 16531 | D:10     | Entered Level 10 of the Dungeon
 16643 | D:10     | Noticed a hill giant
 16674 | D:10     | Killed a hill giant
 16792 | D:10     | Reached skill level 12 in Conjurations
 17575 | D:10     | Noticed a hill giant
 17588 | D:10     | Killed a hill giant
 17588 | D:10     | Reached ***** piety under Vehumet
 17589 | D:10     | Offered knowledge of Ozocubu's Refrigeration by Vehumet.
 17989 | D:11     | Noticed Sonja
 17994 | D:11     | Killed Sonja
 17994 | D:11     | Reached skill level 5 in Fighting
 18062 | D:11     | Noticed a red ugly thing
 18068 | D:11     | Killed a red ugly thing
 18176 | D:10     | Found a staircase to the Lair.
 18181 | Lair:1   | Entered Level 1 of the Lair of Beasts
 18182 | Lair:1   | Upgraded the game from 0.19-a0-585-ge40200b to 0.19-a0-594-g235f30c
 18205 | Lair:1   | Noticed Gastronok
 18224 | Lair:1   | Killed Gastronok
 18409 | Lair:1   | Reached skill level 13 in Conjurations
 18425 | Lair:1   | Noticed Erica
 18443 | Lair:1   | Killed Erica
 18798 | Lair:2   | Reached XP level 12. HP: 33/68 MP: 10/24
 19898 | Lair:2   | Reached skill level 10 in Fire Magic
 21397 | Lair:1   | Reached skill level 14 in Conjurations
 21518 | Lair:1   | Offered knowledge of Poisonous Cloud by Vehumet.
 22070 | Lair:3   | Found a staircase to the Snake Pit.
 23711 | Lair:3   | Noticed a seven-headed hydra
 23715 | Lair:3   | Killed a seven-headed hydra
 23925 | Lair:4   | Noticed a death yak
 23925 | Lair:4   | Noticed a death yak
 23928 | Lair:4   | Noticed a death yak
 23929 | Lair:4   | Noticed a death yak
 23929 | Lair:4   | Noticed a death yak
 24149 | Lair:3   | Slain by a death yak

Vault maps used:
D:1:      minmay_arrival_shattered_statue, serial_glass, glass_columns_a,
          glass_columns_a
D:2:      grunt_temple_overflow_growth_and_decay,
          nicolae_overflow_crystal_walls, grunt_dithmenos_smoke, uniq_jessica,
          uniq_natasha
D:3:      lemuel_doored_altar, nemelex_lonely_heart_becter
D:4:      gammafunk_temple_overflow_statue, overflow_temple_1_default,
          first_bread, uniq_sigmund
D:5:      kennysheep_six_static_rooms, vehumet_crystals, minmay_misc_feat_five,
          uniq_grinder, uniq_pikel, uniq_blork_the_orc
D:6:      lemuel_castle_with_subvaults, kennysheep_ying_yang,
          grunt_temple_overflow_cloverleaf, temple_fountains,
          nicolae_ossuary_entry_plus
D:7:      grunt_temple_overflow_order_and_chaos_2, uniq_menkaure, uniq_joseph
D:8:      serial_shops, nicolae_shop_competitors_out_of_business,
          uniq_prince_ribbit1, uniq_psyche
D:9:      the_bakery
D:10:     lair_0_dummy, enter_bailey_3, st_stairs_5, roderic_bipointed_swastika
D:11:     eino_tiny_chamber, uniq_sonja
Lair:1:   grunt_megastairs_5, infiniplex_staircase_pool_2, uniq_erica,
          uniq_gastronok
Lair:2:   lemuel_fruit_fields, grunt_megastairs_4
Lair:3:   minmay_snake_entry_guardpost_small
Lair:4:   serial_bayou_lagoon_b, grunt_megastairs_3
Ossuary:  ossuary_due_mausoleum

Skill      XL: |  1  2  3  4  5  6  7  8  9 10 11 12 |
---------------+-------------------------------------+-----
Conjurations   | 5 6 7 8 9 10 11 13 14 | 14.5
Charms         | 3 6 9 10 11 | 11.4
Fighting       | 1 3 4 5 6 |  6.7
Dodging        | 3 5 6 7 |  7.5
Shields        | 1 |  1.0
Spellcasting   | 5 7 |  7.3
Fire Magic     | 3 6 9 11 | 11.4
Stealth        | |  2.4

Action                   |  1- 3 |  4- 6 |  7- 9 | 10-12 || total
-------------------------+-------+-------+-------+-------++-------
Melee: Dagger            |     2 |    14 |     1 |       ||    17
       Long sword        |       |       |       |    40 ||    40
 Cast: Magic Dart        |    64 |   186 |   348 |   599 ||  1197
       Iskenderun's Batt |       |     1 |    61 |   125 ||   187
       Conjure Flame     |       |       |     3 |    32 ||    35
Evoke: Wand              |       |     1 |     1 |     1 ||     3
  Use: Scroll            |       |       |     4 |    14 ||    18
       Potion            |       |       |       |    10 ||    10
  Eat: Chunk             |       |    12 |    31 |    36 ||    79
       Bread ration      |       |       |     3 |     7 ||    10
Armor: Robe              |     4 |     7 |     5 |    61 ||    77
       Skin              |       |       |       |    19 ||    19
Dodge: Dodged            |     9 |    36 |    18 |   101 ||   164
Block: Buckler           |       |       |     4 |    46 ||    50
